 Dungeon Crawl Stone Soup version 0.28.0-53-g5a82cb258f (webtiles) character file.

Game seed: 16500469225314629416

2 DemonSlayer the Firebug (level 1, -1/13 HPs)
             Began as a Demonspawn Fire Elementalist on July 27, 2022.
             Slain by a hobgoblin (3 damage)
             ... on level 1 of the Dungeon.
             The game lasted 00:01:18 (365 turns).

DemonSlayer the Firebug (DsFE)                       Turns: 365, Time: 00:01:19

Health: -1/13      AC:  2    Str:  8    XL:     1   Next: 25%
Magic:  3/3        EV: 12    Int: 16    God:
Gold:   0          SH:  0    Dex: 13    Spells: 3/4 levels left

rFire   . . .      SeeInvis .   (no weapon)
rCold   . . .      Faith    .   (no shield)
rNeg    . . .      Spirit   .   a - +0 robe
rPois   .          Reflect  .   (no helmet)
rElec   .          Harm     .   (no cloak)
rCorr   .          Rampage  .   (no gloves)
Will    .....                   (no boots)
Stlth   ++........              (no amulet)
HPRegen 0.04/turn               (no ring)
MPRegen 0.08/turn               (no ring)

@: no status effects
A: no striking features
a: no special abilities


You were on level 1 of the Dungeon.
You visited 1 branch of the dungeon, and saw 2 of its levels.

Inventory:

Armour
 a - a +0 robe (worn)
Potions
 b - a potion of might {unknown}
 c - a potion of invisibility {unknown}


   Skills:
 + Level 1.7 Dodging
 + Level 1.7 Stealth
 + Level 2.0 Spellcasting
 + Level 1.0 Conjurations
 + Level 2.8 Fire Magic


You had 3 spell levels left.
You knew the following spells:

 Your Spells              Type           Power      Damage    Failure   Level
a - Foxfire               Conj/Fire      28%        2x1d5     10%         1

Your spell library contained the following spells:

 Spells                   Type           Power      Damage    Failure   Level
 Scorch                   Fire           20%        2d6       10%         2
 Conjure Flame            Conj/Fire      7%         6-21      28%         3
 Inner Flame              Hex/Fire       6%         N/A       34%         3
 Flame Wave               Conj/Fire      7%         2d5       67%         4


Dungeon Overview and Level Annotations

Branches:
Dungeon (2/15)

Altars:


Message History

You are too injured to fight recklessly!
Your foxfire dissipates!
A nearby plant withers and dies.
The hobgoblin closely misses you.
The hobgoblin hits you but does no damage.
There is an escape hatch in the floor here.
The hobgoblin misses you.
You slide downwards.
The hatch slams shut behind you.
The gnoll shouts!
The kobold shouts!
The gnoll shouts!
Found an escape hatch in the ceiling.
Found a stone staircase leading up.
The gnoll shouts!
There is a stone staircase leading up here.
The ball python barely misses you. x2; The hobgoblin barely misses you.
You climb upwards.
The hobgoblin shouts!
The hobgoblin barely misses you.
There is a stone staircase leading down here.
The ball python barely misses you. The ball python grabs you.
The ball python constricts you. The hobgoblin closely misses you.
The ball python bites you. The ball python constricts you.
The hobgoblin misses you.
You escape the ball python's grasp.
Found 10 gold pieces.
The ball python bites you. The ball python barely misses you.
The ball python bites you but does no damage.
The ball python closely misses you.
Found an Everburning Encyclopedia.
The ball python closely misses you. The ball python grabs you.
The ball python constricts you.
* * * LOW HITPOINT WARNING * * *
You escape the ball python's grasp.
Found 5 gold pieces.
You open the door. The ball python barely misses you.
The ball python grabs you. The ball python constricts you.
The ball python bites you.
* * * LOW HITPOINT WARNING * * *
The ball python constricts you.
You escape the ball python's grasp.
There is an open door here.
You open the door. The hobgoblin hits you.
You die...

#$........#........
#.........+........
#.........#........
#.....:...#........
#..g...............
#.g..gg.....##.....
##S#####....#######
#g# ###### #@# #'#
... #.... .# #)...#
.. ...... ..
....... # #........


You could see 2 hobgoblins, a goblin and a ball python.

Vanquished Creatures
  A ball python (D:1)
  A bat (D:1)
2 creatures vanquished.

Vanquished Creatures (others)
  6 foxfires (D:1)
  A plant (D:1)
7 creatures vanquished.

Grand Total: 9 creatures vanquished

Notes
Turn   | Place    | Note
-------+----------+-------------------------------------------
     0 | D:1      | DemonSlayer the Demonspawn Fire Elementalist began the
                  | quest for the Orb.
     0 | D:1      | Reached XP level 1. HP: 13/13 MP: 3/3
   365 | D:1      | Slain by a hobgoblin

Illustrated notes

Levels and vault maps discovered:
D:1:      onia_arrival_pentagram, layout_basic,
          dreamdust_ecumenical_altar_statues, hangedman_decor_riveting,
          serial_bayou_pond_c
D:2:      layout_rooms, basic_altar

Action                   || total
-------------------------++-------
Melee: Unarmed           ||     4
 Cast: Foxfire           ||     4
Armor: Robe              ||     4
Dodge: Dodged            ||    17
